 Dungeon Crawl Stone Soup version 0.20-a0-830-g2c9a30d (webtiles) character file.

54 M4edhros the Shield-Bearer (level 3, -6/26 HPs)
             Began as an Octopode Fighter on Mar 7, 2017.
             Mangled by a worm (11 damage)
             ... on level 3 of the Dungeon.
             The game lasted 00:00:55 (1037 turns).

M4edhros the Shield-Bearer (Octopode Fighter)       Turns: 1037, Time: 00:00:56

Health: -6/26      AC:  1    Str: 20    XL:     3   Next: 91%
Magic:  3/3        EV: 12    Int: 10    God:
Gold:   118        SH:  9    Dex: 12    Spells: 2/2 levels left

rFire    . . .     SeeInvis .   a - +0 long sword
rCold    . . .     Gourm    .   b - +0 shield
rNeg     . . .     Faith    .   (helmet restricted)
rPois    .         Spirit   .   (no amulet)
rElec    .         Reflect  .   (no ring)
rCorr    .         Harm     .   (no ring)
MR       .....                  (no ring)
Stlth    ++........             (no ring)
Regen    0.1/turn               (no ring)
MPRegen  0.1/turn               (no ring)
                                (no ring)
                                (no ring)

@: mighty, lethally poisoned (-6 -> -10)
A: almost no armour, stealthy swim, amphibious, 8 rings, constrict 8, camouflage
1, gelatinous body 1
a: no special abilities


You were on level 3 of the Dungeon.
You were not hungry.

You visited 1 branch of the dungeon, and saw 3 of its levels.

You collected 118 gold pieces.

Inventory:

Hand Weapons
 a - a +0 long sword (weapon)
Armour
 b - a +0 shield (worn)
Jewellery
 h - an uncursed ring of protection from cold {unknown}
Scrolls
 e - a scroll of noise {unknown}
 g - 2 scrolls of identify {unknown}
 i - 3 scrolls of teleportation {unknown}
 k - a scroll of random uselessness {unknown}
 l - a scroll of blinking {unknown}
 m - a scroll of immolation {unknown}
 n - 3 scrolls of amnesia {unknown}
 p - a scroll of fear {unknown}
Potions
 q - a potion of lignification {unknown}
Comestibles
 d - 3 bread rations
 f - a royal jelly
 o - a meat ration


   Skills:
 + Level 3.3 Fighting
 * Level 3.1 Long Blades
 + Level 3.3 Dodging
 + Level 3.3 Shields


You had 2 spell levels left.
You didn't know any spells.

Dungeon Overview and Level Annotations

Branches:
Dungeon (3/15)

Altars:
Sif Muna


Innate Abilities, Weirdness & Mutations

You cannot wear most types of armour.
You are very stealthy in the water. (Stealth+)
You are amphibious.
You can wear up to eight rings at the same time.
You can use your tentacles to constrict eight enemies at once.
Your skin changes colour to match your surroundings (Stealth+).
Your rubbery body absorbs attacks. (AC +1, EV +1)


Message History

You are poisoned.
The adder poisons you!
Unknown command.
Okay, then.
* * * LOW HITPOINT WARNING * * *
You feel sick.
It was a potion of curing.
You feel better. The adder bites you.
You are poisoned.
The adder poisons you! The adder bites you.
* * * LOW HITPOINT WARNING * * *
Okay, then.
You aren't carrying any items that you can evoke.
There isn't anything here!
There are monsters nearby!
Okay, then.
Sorry, you're not good enough to have a special ability.
You feel very mighty all of a sudden.
* * * LOW HITPOINT WARNING * * *
You feel sick. You block the adder's attack. The worm bites you!
You die...

............!.......#
....................#
....................#
.............$......#
............#
............#
.........)..#
...........#
.......@...#
.......Sw..#
?..........#
...........#
############


You could see a worm and an adder.

Vanquished Creatures
  A gnoll (D:1)
  An adder (D:3)
  A worm (D:3)
  2 dart slugs (D:1)
  A leopard gecko (D:1)
  An orc (D:3)
  3 bats
  A giant cockroach (D:1)
  8 goblins
  4 hobgoblins (D:1)
  2 rats
25 creatures vanquished.

Notes
Turn   | Place    | Note
-------+----------+-------------------------------------------
     0 | D:1      | M4edhros the Octopode Fighter began the quest for the Orb.
     0 | D:1      | Reached XP level 1. HP: 16/16 MP: 1/1
   110 | D:1      | Reached XP level 2. HP: 14/21 MP: 2/2
   244 | D:1      | Reached XP level 3. HP: 4/26 MP: 3/3
   915 | D:2      | Found a deep blue altar of Sif Muna.
  1037 | D:3      | Mangled by a worm

Vault maps used:
D:1:      dpeg_arrival_chambers_temple_mockup
D:2:      overflow_temple_1_default, overflow_temple_1_default, first_bread
D:3:      hangedman_abyss_or_decor_stabs

Skill      XL: |  1  2  3 |
---------------+----------+-----
Long Blades    | 3 |  3.1
Fighting       | |  3.3
Dodging        | |  3.3
Shields        | |  3.3

Action                   || total
-------------------------++-------
Melee: Long sword        ||    48
       Constrict         ||    16
       Tentacles         ||    10
  Use: Potion            ||     3
 Stab: Sleeping          ||     4
Armor: Skin              ||     4
Dodge: Dodged            ||    22
Block: Shield            ||    30
       Rpst.: Long sword ||     4
